Map: Acropolis LE

Players

PtitDrogo - Winner!

  • Race: Protoss Protoss
  • Spawn Location: 11:00

Wanderer

  • Race: Terran Terran
  • Spawn Location: 5:00

Event: 2019 WCS Summer

VOD

Have the link to the VOD?

Description

Time

  • Played on: July 12, 2019, 6:07 a.m.
  • Length: 4:09

All games in this series

Show
View Real Time Build Order
Export as new Build Order

PtitDrogo Protoss - Winner!

Build Orders:  

Get SALT Encoding   

  12  0:00  Probe  
  13  0:13  Probe  
  14  0:18  Pylon  
  14  0:24  Probe  
  15  0:32  Probe  
  15  0:37  Gateway  
  15  0:40  Probe  
  16  0:46  Assimilator  
  17  0:51  Probe  
  18  1:03  Probe  
  19  1:15  Probe  
  19  1:16  Zealot  
  22  1:26  Cybernetics Core  
  22  1:27  Pylon  
  22  1:28  Probe  
  23  1:43  Zealot  
  23  1:45  Probe  
  26  1:57  Probe  
  27  2:02  Stalker  
  27  2:05  Shield Battery  
  27  2:06  Shield Battery  
  27  2:11  Shield Battery  
  29  2:20  Pylon  
  29  2:30  Gateway  
  29  2:31  Stalker  
  31  2:41  Shield Battery  
  31  2:42  Shield Battery  
  31  2:49  Shield Battery  
  31  2:54  Shield Battery  
  31  3:01  Stalker  
  33  3:19  Stalker  
Show
View Real Time Build Order
Export as new Build Order

Wanderer Terran 

Build Orders: Proxy 4 Rax Marine 

Get SALT Encoding   

  13  0:08  Supply Depot  
  13  0:14  SCV  
  13  0:26  SCV  
  14  0:41  Barracks  
  14  0:45  SCV  
  15  1:00  Barracks  
  15  1:02  SCV  
  16  1:12  Barracks  
  16  1:19  SCV  
  17  1:27  Marine  
  18  1:35  Barracks  
  18  1:45  Marine  
  19  1:47  Marine  
  20  1:56  Supply Depot  
  20  2:00  Marine  
  21  2:04  Marine  
  21  2:08  Marine  
  23  2:18  Marine  
  23  2:22  Marine  
  24  2:25  Marine x2  
  27  2:36  Marine  
  28  2:40  Marine  
  28  2:43  Marine x2  
  31  3:12  Marine  
  31  3:15  Marine  
  31  3:28  Marine  
  31  3:30  Marine  
  31  3:37  Marine  
Tags
 
Add a new tag
Caveats
  • Supply blocks, unpowered buildings, or Contaminate may cause inaccurate times.
  • Supply counts are checked every 10 seconds.